 Dungeon Crawl Stone Soup version 0.29-a0-834-g1e95ca9f62 (console) character file.

Game seed: 12441238983558553710

933 capslocke the Martial Artist (level 8, -11/63 HPs)
             Began as a Meteoran Transmuter on July 13, 2022.
             Was a Follower of Qazlal.
             Mangled by an eight-headed hydra (12 damage)
             ... on level 6 of the Dungeon.
             The game lasted 00:19:22 (3164 turns).

capslocke the Martial Artist (Meteoran Transmuter)  Turns: 3164, Time: 00:19:22

Health: -11/63     AC:  7    Str: 14    XL:     8   Next: 59%
Magic:  15/16      EV: 13    Int: 15    God:    Qazlal [*.....]
Gold:   115        SH:  1    Dex: 14    Spells: 10/16 levels left

rFire   + . .      SeeInvis .     - Unarmed
rCold   . . .      Faith    .   (no shield)
rNeg    . . .      Spirit   .   z - +3 leather armour {rF+}
rPois   .          Reflect  .   (helmet currently unavailable)
rElec   .          Harm     .   (no cloak)
rCorr   .          Rampage  .   s - +0 pair of gloves
Will    ++...                   (boots currently unavailable)
Stlth   +.........              h - amulet of regeneration
HPRegen 1.00/turn               f - ring of willpower
MPRegen 0.15/turn               (no ring)

@: mighty, appendages, glowing
A: horns 2, talons 2, sense surroundings 1, otherworldly, glowing, explore regen
a: End Transformation, Renounce Religion


You were on level 6 of the Dungeon.
You worshipped Qazlal.
Qazlal was aware of your devotion.
You had temporarily grown beastly horns and talons.
You visited 2 branches of the dungeon, and saw 7 of its levels.

You collected 235 gold pieces.
You spent 120 gold pieces at shops.

Inventory:

Hand Weapons
 p - a +0 triple crossbow
Missiles
 w - a javelin
 C - a throwing net (quivered)
 D - 5 boomerangs
Armour
 a - a +0 robe
 j - a +0 plate armour
 s - a +0 pair of gloves (worn)
 y - a +0 buckler
 z - a +3 leather armour of fire resistance (worn)
Jewellery
 f - a ring of willpower (left hand)
 h - an amulet of regeneration (around neck)
Scrolls
 e - a scroll of fog {unknown}
 g - 7 scrolls of identify
 i - a scroll of enchant weapon {unknown}
 k - a scroll of amnesia {unknown}
 n - a scroll of magic mapping {unknown}
 o - a scroll of immolation {unknown}
 q - a scroll of enchant armour
 u - a scroll of fear {unknown}
 B - a scroll of teleportation {unknown}
Potions
 b - a potion of lignification
 d - a potion of ambrosia {unknown}
 l - 2 potions of brilliance {unknown}
 m - a potion of resistance {unknown}
 r - a potion of flight {unknown}
 t - a potion of berserk rage {unknown}
 v - 3 potions of heal wounds {unknown}
 x - 3 potions of haste {unknown}
 A - a potion of degeneration {unknown}


   Skills:
 + Level 3.3 Fighting
 + Level 0.5 Ranged Weapons
 + Level 1.4 Throwing
 + Level 5.2 Dodging
 + Level 8.0 Unarmed Combat
 + Level 4.6 Spellcasting
 + Level 4.0 Transmutations


You had 10 spell levels left.
You knew the following spells:

 Your Spells              Type           Power      Damage    Failure   Level
a - Beastly Appendage     Tmut           30%        N/A       4%          1
b - Wereblood             Tmut           15%        N/A       6%          2
c - Spider Form           Tmut/Pois      9%         N/A       28%         3

Your spell library contained the following spells:

 Spells                   Type           Power      Damage    Failure   Level
 Poisonous Vapours        Pois/Air       6%         N/A       32%         2
 Gell's Gravitas          Tloc           3%         N/A       54%         3
 Inner Flame              Hex/Fire       3%         N/A       54%         3
 Lesser Beckoning         Tloc           3%         N/A       54%         3
 Swiftness                Air            3%         N/A       54%         3
 Teleport Other           Tloc           3%         N/A       54%         3
 Ice Form                 Ice/Tmut       9%         N/A       67%         4
 Anguish                  Hex/Necr       1%         N/A       91%         4
 Cause Fear               Hex            1%         N/A       91%         4
 Corpse Rot               Necr/Pois/Air  3%         N/A       91%         4
 Conjure Ball Lightning   Conj/Air       1%         3x3d6     100%        6
 Discord                  Hex            1%         N/A       100%        8


Dungeon Overview and Level Annotations

Branches:
Dungeon (6/15) Zot: 680    Temple (1/1) D:4 Zot: 382

Altars:
Ashenzari
Cheibriados
Dithmenos
Elyvilon
Fedhas
Hepliaklqana
Nemelex Xobeh
Okawaru
Qazlal
Sif Muna
Trog
Vehumet
Wu Jian
Xom
Yredelemnul
The Shining One

Shops:
D:5 *


Innate Abilities, Weirdness & Mutations

You have temporarily grown beastly horns and talons.
You passively map a small area around you.
You are easily found by Zot.
You glow in the dark.
You regain HP and MP as you explore.


Message History

You throw a javelin. The javelin barely misses the adder.
You punch the adder! You punch the adder.
You kill the adder!
Qazlal accepts your kill.
You see here an adder corpse.
w - a javelin You see here an adder corpse.
An eight-headed hydra, an orc and a phantom come into view.
The eight-headed hydra roars!
The orc shouts!
You aren't carrying any items that you can evoke.
As you read the scroll labelled ROMANU DUR BAN, it crumbles to dust.
It is a scroll of identify.
q - a scroll of enchant armour You aren't carrying any items that you can evoke.
Throw: 2 throwing nets
Press: ? - help, Shift-Dir - straight line, f - eight-headed hydra
Aim: an eight-headed hydra (78% to hit, immune to nets)
You throw a throwing net.
The throwing net hits the eight-headed hydra.
The eight-headed hydra is too large for the net to hold!
You feel very mighty all of a sudden.
A wight comes into view. It is wielding a +5 long sword.
Casting: Beastly Appendage (safe; 4% risk of failure)
Confirm with . or Enter, or press ? or * to list all spells.
You grow a pair of large bovine horns.
Your feet morph into talons.
The eight-headed hydra bites you! x2; The eight-headed hydra bites you.
The eight-headed hydra bites you but does no damage.
The eight-headed hydra bites you. x2
You block the eight-headed hydra's attack.
The eight-headed hydra closely misses you.
You punch the eight-headed hydra!
Your kick misses the eight-headed hydra.
The eight-headed hydra is lightly wounded.
The eight-headed hydra bites you! The eight-headed hydra bites you.
* * * LOW HITPOINT WARNING * * *
The eight-headed hydra bites you but does no damage.
The eight-headed hydra bites you!
* * * LOW HITPOINT WARNING * * *
The eight-headed hydra bites you!
You die...

###
*#..#.#.#........
,
#..#.#.#........
*
#......[........
*
##.#†#.#.#......
#.#.#...#.#####
#.#.#.#.#.# ,
,*#.#.#.#.#.# *
#.#.#.#.#,*
#@#.#...#,* * ,
,#D#.##### *
,,#o#.., , *
#W###** *, * #..
, #... , , ,
.z#.#*, * *...#.
* ... #. , *


You could see an eight-headed hydra, a phantom, a wight and an orc.

Vanquished Creatures
  2 ice beasts (D:5)
  A black bear (D:4)
  An ogre (D:4)
  A bullfrog (D:5)
  3 scorpions
  A howler monkey (D:5)
  The ghost of zhov the Grave Robber, a weakling DsNe (D:3)
  A hound (D:5)
  3 gnolls
  7 adders
  2 white imps (D:5)
  An ufetubus (D:4)
  3 worms
  3 dart slugs
  5 orcs
  9 ball pythons
  9 endoplasms
  4 giant cockroaches
  9 goblins
  8 hobgoblins
  4 jackals (D:4)
  6 quokkas
  4 bats
  2 frilled lizards (D:1)
  7 kobolds
  7 rats
104 creatures vanquished.

Notes
Turn   | Place    | Note
-------+----------+-------------------------------------------
     0 | D:1      | capslocke the Meteoran Transmuter began the quest for the
                  | Orb.
     0 | D:1      | Reached XP level 1. HP: 16/16 MP: 5/5
   246 | D:1      | Reached XP level 2. HP: 23/23 MP: 4/6
   272 | D:1      | Reached skill level 4 in Unarmed Combat
   321 | D:1      | Found a faded altar of an unknown god.
   417 | D:1      | Reached XP level 3. HP: 28/28 MP: 6/8
   501 | D:1      | Glimpsed the power of Zot.
   612 | D:2      | Reached XP level 4. HP: 33/35 MP: 9/9
   739 | D:2      | Learned a level 2 spell: Wereblood
   980 | D:3      | Reached XP level 5. HP: 40/40 MP: 10/10
  1004 | D:3      | Found a large runed translucent door.
  1005 | D:3      | Found a large runed translucent door.
  1006 | D:3      | Noticed zhov's ghost (weakling DsNe)
  1360 | D:3      | Killed zhov's ghost
  1361 | D:3      | Reached skill level 5 in Unarmed Combat
  1398 | D:4      | Noticed an ogre
  1398 | D:4      | Noticed a black bear
  1413 | D:4      | Killed a black bear
  1414 | D:4      | Reached skill level 1 in Throwing
  1414 | D:4      | Reached XP level 6. HP: 32/48 MP: 9/12
  1415 | D:4      | Killed an ogre
  1416 | D:4      | Reached skill level 6 in Unarmed Combat
  1437 | D:4      | Reached XP level 7. HP: 38/55 MP: 10/13
  1447 | D:4      | Learned a level 3 spell: Spider Form
  1626 | D:4      | Found a staircase to the Ecumenical Temple.
  1643 | Temple   | Entered the Ecumenical Temple
  1843 | Temple   | Became a worshipper of Qazlal Stormbringer
  2411 | D:5      | Entered Level 5 of the Dungeon
  2454 | D:5      | Reached skill level 7 in Unarmed Combat
  2454 | D:5      | Reached XP level 8. HP: 22/62 MP: 13/15
  2501 | D:5      | Reached skill level 5 in Dodging
  2546 | D:5      | Found Dunlebb's CLEARANCE SALE!.
  2567 | D:5      | Bought a +3 leather armour of fire resistance for 120 gold
                  | pieces
  2612 | D:5      | Got Sif Muna's Tome of Spellbinding Feathers
  2660 | D:5      | Found a shimmering blue altar of Sif Muna.
  3061 | D:6      | Reached skill level 8 in Unarmed Combat
  3075 | D:6      | Reached * piety under Qazlal
  3157 | D:6      | Noticed an eight-headed hydra
  3164 | D:6      | HP: 1/63 [eight-headed hydra (12)]
  3164 | D:6      | Mangled by an eight-headed hydra

Illustrated notes

Levels and vault maps discovered:
D:1:      elethiomel_arrival_infinity_welcomes_careful_drivers, layout_basic,
          basic_ecumenical_altar
D:2:      layout_basic
D:3:      layout_basic, ebering_ghost_disaster_area
D:4:      layout_basic, minmay_temple_entry_glass, minmay_bisected
D:5:      layout_loops_ring, lemuel_blue_sif_altar, minmay_misc_feat_plants,
          nicolae_shop_clearance
D:6:      layout_basic, mainiacjoe_overflow_boulevard, grunt_ministairs_5,
          minmay_misc_feat_diagonals, minmay_manual_mess
Temple:   bh_familiar_temple

Skill      XL: |  1  2  3  4  5  6  7  8 |
---------------+-------------------------+-----
Unarmed Combat | 4 5 6 7 8 |  8.0
Spellcasting   | 3 4 |  4.6
Dodging        | 3 4 5 |  5.2
Transmutations | 3 4 |  4.0
Throwing       | 1 |  1.4
Fighting       | 2 3 |  3.3
Ranged Weapons | |  0.5

Action                   |  1- 3 |  4- 6 |  7- 9 || total
-------------------------+-------+-------+-------++-------
Melee: Unarmed           |    64 |   118 |   150 ||   332
       Kick              |     7 |     9 |    19 ||    35
       Headbutt          |     5 |     6 |    14 ||    25
       Punch             |     2 |     5 |     6 ||    13
 Fire: Triple crossbow   |       |     2 |       ||     2
Throw: Javelin           |     7 |     3 |     4 ||    14
       Throwing net      |       |       |     1 ||     1
 Cast: Beastly Appendage |     8 |     7 |    15 ||    30
       Wereblood         |       |     2 |       ||     2
  Use: Potion            |       |     1 |     1 ||     2
       Scroll            |       |       |     1 ||     1
Armor: Robe              |    12 |     3 |       ||    15
       Skin              |       |       |     6 ||     6
       Leather armour    |       |       |    11 ||    11
Dodge: Dodged            |    21 |    78 |    68 ||   167
Block: Other             |       |       |     1 ||     1

Table legend: (Time is in decaauts)
 A = Elapsed time spent in this place.
 B = Non-inter-level travel time spent in this place.
 C = Inter-level travel time spent in this place.
 D = Time resting spent in this place.
 E = Time spent auto-exploring this place.
 F = Levels seen in this place.
 G = Mean time per level.
                   A        B        C        D        E       F      G
               +--------+--------+--------+--------+--------+-----+--------+
         Total |   3136 |   3021 |    115 |    202 |   1974 |   7 |  448.0 |
       Dungeon |   2919 |   2861 |     58 |    202 |   1821 |   6 |  486.5 |
        Temple |    217 |    160 |     57 |      0 |    153 |   1 |  217.0 |
               +--------+--------+--------+--------+--------+-----+--------+

Top non-repeatable levels by time:
     D:4: 800 daAuts
     D:5: 636 daAuts
     D:1: 541 daAuts
     D:3: 438 daAuts
     D:2: 395 daAuts
  Temple: 217 daAuts
     D:6: 107 daAuts
